 Dungeon Crawl Stone Soup version 0.30-a0-279-g4b46babb21 (webtiles) character file.

Game seed: 14999791478804730381

90618 tilp the Spry (level 16, -12/122 HPs)
             Began as a Merfolk Gladiator on Oct 15, 2022.
             Was the Champion of Hepliaklqana.
             Mangled by Jorgrun
             ... wielding a +0 vorpal quarterstaff
              (18 damage)
             ... on level 14 of the Dungeon on Oct 16, 2022.
             The game lasted 00:49:05 (22380 turns).

tilp the Spry (Merfolk Gladiator)                  Turns: 22380, Time: 00:49:05

Health: -12/122    AC: 22    Str: 24    XL:     16   Next: 1%
Magic:  22/22      EV: 23    Int:  8    God:    Hepliaklqana [******]
Gold:   1558       SH: 11    Dex: 16    Spells: 15/15 levels left

rFire   + . .      SeeInvis .    a - +2 trident (vamp)
rCold   . . .      Faith    .    v - +0 buckler
rNeg    . . .      Spirit   .    P - +2 ring mail {rF+}
rPois   +          Reflect  +    c - +1 helmet
rElec   .          Harm     .    h - +1 cloak {rPois}
rCorr   .          Rampage  .    l - +1 pair of gloves {Str+3}
Will    +....                    t - +1 pair of boots {Fly}
Stlth   ++........               n - amulet of reflection
HPRegen 0.40/turn                r - +4 ring of evasion
MPRegen 0.18/turn                x - +4 ring of protection

@: flying
A: reduced essence, (nimble swimmer 2), mertail
a: Renounce Religion, Recall Ancestor, Ancestor Identity, Transference, Idealise


You were on level 14 of the Dungeon.
You worshipped Hepliaklqana.
Hepliaklqana was exalted by your worship.
You visited 4 branches of the dungeon, and saw 22 of its levels.
You also visited: Bailey, Gauntlet and Ice Cave.

You collected 2535 gold pieces.
You spent 977 gold pieces at shops.

Inventory:

Hand Weapons
 a - a +2 vampiric trident (weapon)
 b - a +5 bardiche of flaming
 F - a +1 trident of protection
 G - a +3 vorpal bardiche
Missiles
 e - 8 javelins
 p - 25 boomerangs
 q - 5 curare-tipped darts
 s - 37 poisoned darts (quivered)
 C - 4 throwing nets
 D - 7 silver javelins
 Y - 5 datura-tipped darts
Armour
 c - a +1 helmet (worn)
 h - a +1 cloak of poison resistance (worn)
 l - a +1 pair of gloves of strength (worn)
 t - a +1 pair of boots of flying (worn)
 v - a +0 buckler (worn)
 P - a +2 ring mail of fire resistance (worn)
Jewellery
 n - an amulet of reflection (around neck)
 r - a +4 ring of evasion (left hand)
 x - a +4 ring of protection (right hand)
 J - a ring of resist corrosion
 O - a ring of fire
Wands
 d - a wand of paralysis (5)
 z - a wand of iceblast (27)
 B - a wand of polymorph (11)
 K - a wand of digging (3)
 R - a wand of flame (3)
 S - a wand of mindburst (9)
 U - a wand of quicksilver (12)
Scrolls
 f - 2 scrolls of poison
 i - 3 scrolls of immolation
 m - a scroll of magic mapping
 H - 4 scrolls of fear
 I - 6 scrolls of identify
 Q - 4 scrolls of fog
 W - 3 scrolls of vulnerability
 Z - 8 scrolls of teleportation
Potions
 g - 3 potions of magic
 j - 2 potions of resistance
 o - 9 potions of curing
 w - 5 potions of haste
 y - 7 potions of heal wounds
 A - 4 potions of flight
 E - 4 potions of attraction
 L - a potion of invisibility
 N - 3 potions of lignification
 T - a potion of brilliance
 V - a potion of might
Miscellaneous
 k - a tin of tremorstones (inert)
 u - a condenser vane
 M - a phial of floods


   Skills:
 - Level 15.0 Fighting
 + Level 14.9 Polearms
 - Level 6.0 Throwing
 - Level 8.0 Armour
 - Level 15.0 Dodging
 - Level 4.0 Stealth
 - Level 6.0 Shields
 - Level 8.0 Invocations
 - Level 12.0 Evocations


You had 15 spell levels left.
You didn't know any spells.
Your spell library contained the following spells:

 Spells                   Type           Power      Damage    Failure   Level
 Beastly Appendage        Tmut           0%         N/A       63%         1
 Foxfire                  Conj/Fire      0%         2x1d4     63%         1
 Shock                    Conj/Air       0%         1d3       63%         1
 Blink                    Tloc           0%         N/A       77%         2
 Ensorcelled Hibernation  Hex/Ice        0%         N/A       77%         2
 Passwall                 Tmut/Erth      0%         N/A       77%         2
 Sublimation of Blood     Necr           0%         N/A       77%         2
 Wereblood                Tmut           0%         N/A       77%         2
 Call Canine Familiar     Summ           0%         N/A       94%         3
 Gell's Gravitas          Tloc           0%         N/A       94%         3
 Inner Flame              Hex/Fire       0%         N/A       94%         3
 Portal Projectile        Hex/Tloc       0%         N/A       94%         3
 Spider Form              Tmut/Pois      0%         N/A       94%         3
 Summon Guardian Golem    Hex/Summ       0%         N/A       94%         3
 Swiftness                Air            0%         N/A       94%         3
 Teleport Other           Tloc           0%         N/A       94%         3
 Airstrike                Air            0%         2d(0-16)  100%        4
 Animate Armour           Summ/Erth      0%         N/A       100%        4
 Cause Fear               Hex            0%         N/A       100%        4
 Leda's Liquefaction      Hex/Erth       0%         N/A       100%        4
 Petrify                  Tmut/Erth      0%         N/A       100%        4
 Blade Hands              Tmut           0%         N/A       100%        5
 Fireball                 Conj/Fire      0%         3d3       100%        5
 Metabolic Englaciation   Hex/Ice        0%         N/A       100%        5
 Yara's Violent Unravell  Hex/Tmut       0%         3d3       100%        5
 Dispersal                Tloc           0%         N/A       100%        6
 Iron Shot                Conj/Erth      0%         9d1       100%        6
 Starburst                Conj/Fire      0%         6d3       100%        6
 Statue Form              Tmut/Erth      0%         N/A       100%        6
 Enfeeble                 Hex            0%         N/A       100%        7
 Malign Gateway           Summ/Tloc      0%         N/A       100%        7
 Orb of Destruction       Conj           0%         9d5       100%        7
 Spellforged Servitor     Conj/Summ      0%         N/A       100%        7
 Summon Hydra             Summ           0%         N/A       100%        7
 Discord                  Hex            0%         N/A       100%        8
 Summon Horrible Things   Summ           0%         N/A       100%        8


Dungeon Overview and Level Annotations

Branches:
Dungeon (14/15)            Temple (1/1) D:6            Lair (5/5) D:8
 Shoals (0/4) Lair:2        Snake (0/4) Lair:2        Slime (0/5) Lair:4
    Orc (2/2) D:9             Elf (0/3) Orc:2        Vaults (0/5) D:14
 Bailey (visited)           IceCv (visited)         Gauntlet (visited)

Altars:
Ashenzari
Cheibriados
Dithmenos
Elyvilon
Fedhas
Gozag
Hepliaklqana
Kikubaaqudgha
Makhleb
Nemelex Xobeh
Okawaru
Qazlal
Ru
Sif Muna
Trog
Uskayaw
Vehumet
Wu Jian
Xom
Yredelemnul
Zin
The Shining One

Shops:
D:3 ?   D:10 *   D:12 (   Orc:1 !   Orc:2 ((::

Annotations:
D:9 2 transporters, WhatIsLove's ghost, novice TeCj
D:14 Jorgrun
Lair:3 2 runed translucent doors, Izit's ghost, journeyman DECj
Lair:5 antimagic laj


Innate Abilities, Weirdness & Mutations

Your life essence is reduced to manifest your ancestor. (-10% HP)
((You are very nimble when in or above water. (Stealth+, EV+, Speed+++)))
Your lower body shifts to a powerful aquatic tail in water.


Message History

Jorgrun is almost dead.
Unknown command.
You puncture Jorgrun!
You feel better.
Jorgrun is almost dead.
You block Jorgrun's attack. The grasping roots constrict you.
* * * LOW HITPOINT WARNING * * *
The grasping roots release their grip on you.
Unknown command.
Aiming: Quicksilver Bolt
Press: ? - help, Shift-Dir - straight line, f - Jorgrun
Aim: Jorgrun, wielding a +0 vorpal quarterstaff and wearing a +0 robe (almost dead, 60% to hit)
The bolt of dispelling energy misses Jorgrun.
Jorgrun gestures at you while chanting. The iron shot misses you.
Unknown command.
Unknown command.
Aiming: Mindburst
Press: ? - help, Shift-Dir - straight line, f/p - Jorgrun
Aim: Jorgrun, wielding a +0 vorpal quarterstaff and wearing a +0 robe (almost dead, chance to affect: 19%) Jorgrun resists with almost no effort.
Jorgrun gestures at you while chanting. The iron shot hits you!!
* * * LOW HITPOINT WARNING * * *
Unknown command.
Unknown command.
Aiming: Quicksilver Bolt
Press: ? - help, Shift-Dir - straight line, f/p - Jorgrun
Aim: Jorgrun, wielding a +0 vorpal quarterstaff and wearing a +0 robe (almost dead, 60% to hit)
The bolt of dispelling energy misses Jorgrun.
Jorgrun casts a spell next to you.
The wall shatters!
The blast of rock fragments hits you but does no damage.
Unknown command.
Unknown command.
Aiming: Quicksilver Bolt
Press: ? - help, Shift-Dir - straight line, f/p - Jorgrun
Aim: Jorgrun, wielding a +0 vorpal quarterstaff and wearing a +0 robe (almost dead, 60% to hit)
The bolt of dispelling energy misses Jorgrun.
Jorgrun hits you with a +0 vorpal quarterstaff!!
You die...

#.# #..# #.#
#.# #..# #.#
#.# #..# #.#
#.# ## #..#
#.# #.# #.#
#..# #<#
#.###.#####..#
#.#
#............#
#.#
#............#
#.#
#@.#########.#
#.# #g.# #.#
#.# #..†#
#.##### #.#
#.....)).#
#...... #..
.......††#
#..####
.......[.#
#..#
.........#
#..#
.........#
#..#
.........#
#..#


You could see Jorgrun.

Vanquished Creatures
  Gastronok (D:9)
  A minotaur (Gauntlet)
  An ettin (Orc:1)
  A hydra (Lair:3)
  A vault guard (D:14)
  Erica (D:10)
  3 centaur warriors
  4 two-headed ogres
  A catoblepas (Lair:5)
  4 boulder beetles
  A deep troll shaman (Lair:5)
  5 death yaks
  2 orc high priests (Orc:2)
  Amaemon (D:10)
  Sonja (Orc:2)
  2 fire crabs
  Lodul (D:13)
  3 deep elf pyromancers
  2 orc knights (Orc:2)
  3 orc sorcerers (Orc:2)
  A wolf spider (Lair:5)
  A moth of wrath (Gauntlet)
  4 cyclopes
  7 ugly things
  9 elephants
  3 ice statues (IceCv)
  Maurice (D:9)
  6 cane toads
  4 black mambas
  2 torpor snails
  An unseen horror (D:12)
  An orange demon (D:10)
  4 komodo dragons
  Maggie (D:6)
  A freezing wraith (IceCv)
  2 meliai (D:14)
  4 polar bears
  6 trolls
  Grinder (D:3)
  10 dream sheep
  8 blink frogs
  7 flying skulls (Gauntlet)
  Eustachio (D:5)
  5 spriggans (Bailey)
  Sigmund (D:6)
  3 wraiths
  30 yaks
  4 wyverns
  A dire elephant simulacrum (IceCv)
  3 vampires
  2 fire bats (Gauntlet)
  A basilisk (Lair:5)
  A death yak simulacrum (IceCv)
  3 steam dragons
  11 vampire mosquitoes
  A naga (Lair:2)
  3 redbacks (Gauntlet)
  2 wargs
  A hydra simulacrum (IceCv)
  An acid dragon (D:12)
  Duvessa (D:6)
  14 water moccasins
  22 orc warriors
  2 ice beasts
  A sky beast (D:8)
  11 black bears
  12 ogres
  12 wolves
  21 centaurs
  3 kobold brigands
  2 phantoms
  12 bullfrogs
  3 scorpions
  4 gnoll sergeants
  2 necrophages
  A cane toad simulacrum (IceCv)
  13 wights
  Dowan (D:6)
  2 elephant simulacra (D:12)
  8 killer bees
  5 howler monkeys
  Crazy Yiuf (D:7)
  9 orc priests
  2 hounds
  3 jellies
  A gnoll bouda (D:10)
  4 iguanas
  6 orc wizards
  8 hell rats
  2 polar bear simulacra
  2 spriggan simulacra (D:12)
  A troll simulacrum (D:12)
  5 adders
  12 gnolls
  2 naga simulacra (D:12)
  3 ufetubi
  2 worms
  4 dart slugs
  47 orcs
  9 endoplasms
  3 giant cockroaches
  7 goblins
  10 hobgoblins
  8 jackals
  13 kobolds
  10 quokkas
  7 ball pythons
  6 bats
  6 frilled lizards
  10 rats
552 creatures vanquished.

Vanquished Creatures (collateral kills)
  Rupert (Lair:5)
  A hydra (Lair:4)
  2 catoblepae
  A death yak (Lair:5)
  A two-headed ogre (Orc:2)
  A tengu warrior (D:13)
  2 lindwurms (Lair:5)
  2 orc knights (Orc:2)
  A deep elf pyromancer (D:13)
  2 ugly things
  2 black mambas (Lair:5)
  7 elephants
  A gargoyle (D:13)
  2 cane toads
  6 komodo dragons
  A rime drake (Lair:2)
  3 trolls
  A meliai (D:14)
  A polar bear (Lair:5)
  3 blink frogs
  7 dream sheep
  3 spriggans (Bailey)
  3 flying skulls (Gauntlet)
  13 yaks
  2 wyverns (Lair:1)
  A wraith (D:12)
  2 basilisks
  A steam dragon (D:10)
  A redback (Gauntlet)
  A death yak simulacrum (IceCv)
  A harpy simulacrum (IceCv)
  A naga (Lair:2)
  2 wargs (Orc:2)
  5 water moccasins
  7 orc warriors
  2 black bears
  8 ogres
  5 wolves
  4 centaurs
  A bullfrog (Lair:3)
  A cane toad simulacrum (IceCv)
  4 killer bees
  2 orc priests
  2 hell rats (Lair:3)
  5 orc wizards
  A wolf simulacrum (IceCv)
  3 gnolls (D:11)
  8 orcs
  A goblin (D:10)
  2 kobolds (D:9)
140 creatures vanquished.

Vanquished Creatures (others)
  28 hexers
  A white imp (D:7)
  52 fungi
  62 plants
143 creatures vanquished.

Grand Total: 835 creatures vanquished

Notes
Turn   | Place    | Note
-------+----------+-------------------------------------------
     0 | D:1      | tilp the Merfolk Gladiator began the quest for the Orb.
     0 | D:1      | Reached XP level 1. HP: 16/16 MP: 1/1
   265 | D:1      | Reached XP level 2. HP: 17/23 MP: 2/2
   415 | D:1      | Reached XP level 3. HP: 29/29 MP: 3/3
   866 | D:2      | Reached skill level 5 in Polearms
  1034 | D:2      | Reached XP level 4. HP: 36/36 MP: 4/4
  1585 | D:3      | Found Xaukhli's Magic Scroll Boutique.
  1690 | D:3      | Noticed Grinder
  1700 | D:3      | Paralysed by Grinder for 4 turns
  1705 | D:3      | Paralysed by Grinder for 5 turns
  1732 | D:3      | Killed Grinder
  1733 | D:3      | Reached skill level 1 in Stealth
  1733 | D:3      | Reached XP level 5. HP: 43/43 MP: 5/5
  1733 | D:3      | Reached XP level 6. HP: 49/49 MP: 6/6
  2259 | D:4      | Noticed a black bear
  2414 | D:3      | Killed a black bear
  2415 | D:3      | Reached skill level 5 in Dodging
  2447 | D:4      | Reached XP level 7. HP: 43/55 MP: 7/7
  2731 | D:4      | Reached skill level 5 in Fighting
  3406 | D:5      | Entered Level 5 of the Dungeon
  3416 | D:5      | Reached XP level 8. HP: 62/62 MP: 8/8
  3553 | D:5      | Reached skill level 1 in Shields
  4002 | D:5      | Noticed Eustachio
  4064 | D:5      | Killed Eustachio
  4065 | D:5      | Reached skill level 10 in Polearms
  4135 | D:5      | Found an opulent altar of Gozag.
  4136 | D:5      | Found an iron altar of Okawaru.
  4379 | D:6      | Noticed Maggie
  4407 | D:5      | Reached XP level 9. HP: 61/69 MP: 9/9
  4435 | D:6      | You fall into a shaft and drop 2 floors!
  4556 | D:6      | Reached skill level 1 in Armour
  4742 | D:6      | Noticed Dowan
  4900 | D:6      | Found a staircase to the Ecumenical Temple.
  5064 | D:6      | Noticed Duvessa
  5089 | D:6      | Killed Duvessa
  5096 | D:6      | Killed Dowan
  5163 | D:6      | Paralysed by Maggie for 2 turns
  5176 | D:6      | Killed Maggie
  5182 | D:6      | Noticed Sigmund
  5212 | D:6      | Killed Sigmund
  5315 | Temple   | Entered the Ecumenical Temple
  5457 | Temple   | Became a worshipper of Hepliaklqana the Forgotten
  5695 | D:7      | Found a white marble altar of Elyvilon.
  5702 | D:7      | Found a radiant altar of Vehumet.
  5704 | D:7      | Found a shimmering blue altar of Sif Muna.
  5706 | D:7      | Found an ancient bone altar of Kikubaaqudgha.
  5708 | D:7      | Found a glowing silver altar of Zin.
  5709 | D:7      | Found an ornate altar of the Wu Jian Council.
  5870 | D:7      | Reached skill level 1 in Evocations
  5870 | D:7      | Reached XP level 10. HP: 79/79 MP: 10/10
  5961 | D:7      | Found a runed translucent door.
  5962 | D:7      | Noticed Crazy Yiuf
  6100 | D:7      | Reached * piety under Hepliaklqana
  6203 | D:7      | Identified the +8 hand axe "Xomydgh" {vorpal, Will+}
  6376 | D:7      | Killed Crazy Yiuf
  6742 | D:8      | Found a staircase to the Lair.
  7248 | D:9      | Reached ** piety under Hepliaklqana
  7268 | D:9      | Remembered your ancestor Ntombi as a hexer
  7305 | D:9      | Noticed Maurice
  7321 | D:9      | Killed Maurice
  7408 | D:9      | Found a staircase to the Orcish Mines.
  7531 | D:9      | Found a transporter.
  7604 | D:9      | Noticed Gastronok
  7624 | D:9      | Killed Gastronok
  7625 | D:9      | Reached skill level 1 in Invocations
  7625 | D:9      | Reached XP level 11. HP: 68/77 MP: 11/11
  7833 | D:9      | Noticed WhatIsLove's ghost (novice TeCj)
  7833 | D:9      | Noticed a moth of wrath
  7847 | D:9      | Found a transporter.
  8169 | D:3      | Bought a scroll of enchant armour for 90 gold pieces
  8169 | D:3      | Bought a scroll of fog for 48 gold pieces
  8169 | D:3      | Bought a scroll of identify for 24 gold pieces
  8169 | D:3      | Bought a scroll of teleportation for 36 gold pieces
  8318 | D:10     | Entered Level 10 of the Dungeon
  8389 | D:10     | Found a flagged portal.
  8407 | Bailey   | Entered a bailey
  8456 | Bailey   | Noticed a two-headed ogre
  8480 | Bailey   | Killed a two-headed ogre
  8599 | Bailey   | Noticed an orc knight
  8758 | D:10     | Noticed Erica
  8780 | D:10     | Killed Erica
  8781 | D:10     | Reached skill level 5 in Throwing
  8781 | D:10     | Reached skill level 5 in Shields
  8781 | D:10     | Reached skill level 5 in Evocations
  8928 | D:10     | Noticed Amaemon
  8998 | D:10     | Killed Amaemon
  9252 | D:10     | Noticed a two-headed ogre
  9267 | D:10     | Killed a two-headed ogre
  9317 | D:10     | Reached XP level 12. HP: 73/85 MP: 14/14
  9374 | D:10     | Found Hasihadish's Fire Supplies.
  9419 | D:10     | Bought a +2 ring mail of fire resistance for 315 gold
                  | pieces
  9816 | D:11     | Noticed a two-headed ogre
  9835 | D:11     | Killed a two-headed ogre
 10356 | D:11     | Reached *** piety under Hepliaklqana
 10683 | D:11     | Reached skill level 10 in Dodging
 10761 | D:11     | Identified the +2 cloak "Ysuz" {Fly rC++ rCorr Dex-4}
 10917 | Lair:1   | Entered Level 1 of the Lair of Beasts
 10920 | Lair:1   | Noticed a catoblepas
 10946 | Lair:1   | Killed a catoblepas
 11082 | Lair:1   | Reached skill level 10 in Fighting
 11804 | Lair:1   | Identified the +5 war axe of Divuopt {protect, *Corrode
                  | Drain rElec rF+++}
 12097 | Lair:2   | Noticed a death yak
 12135 | Lair:1   | Killed a death yak
 12232 | Lair:2   | Reached **** piety under Hepliaklqana
 12236 | Lair:2   | Found a staircase to the Shoals.
 12342 | Lair:2   | Found a staircase to the Snake Pit.
 12399 | Lair:2   | Reached XP level 13. HP: 93/93 MP: 16/16
 12517 | Lair:2   | Reached skill level 5 in Armour
 13627 | Lair:3   | Found a large runed translucent door.
 13627 | Lair:3   | Found a large runed translucent door.
 13629 | Lair:3   | Noticed Izit's ghost (journeyman DECj)
 14009 | Lair:4   | Found a gate leading to a gauntlet.
 14029 | Gauntlet | Entered a Gauntlet
 14029 | Gauntlet | Found a transporter.
 14029 | Gauntlet | Found a transporter.
 14041 | Gauntlet | Found a transporter.
 14056 | Gauntlet | Reached ***** piety under Hepliaklqana
 14059 | Gauntlet | Found a transporter.
 14059 | Gauntlet | Found a transporter.
 14061 | Gauntlet | Found a transporter.
 14061 | Gauntlet | Found a transporter.
 14062 | Gauntlet | Found a transporter.
 14076 | Gauntlet | Found a transporter.
 14091 | Gauntlet | Found a transporter.
 14101 | Gauntlet | Found a transporter.
 14115 | Gauntlet | Found a transporter.
 14135 | Gauntlet | Found a transporter.
 14148 | Gauntlet | Found a transporter.
 14559 | Gauntlet | Noticed a minotaur
 14576 | Gauntlet | Killed a minotaur
 14582 | Gauntlet | Identified the +7 short sword of the Growing Gods {holy,
                  | rPois Int+4}
 14583 | Gauntlet | Got the Atlas of Peregrination
 14585 | Gauntlet | Upgraded the game from 0.30-a0-272-gf98c3da03f to
                  | 0.30-a0-279-g4b46babb21
 14702 | Lair:4   | Reached skill level 5 in Invocations
 14883 | Lair:4   | Identified the +5 shortbow of Jasaxt {venom, rElec}
 15024 | Lair:4   | Reached XP level 14. HP: 104/104 MP: 18/18
 15329 | Lair:4   | Found a staircase to the Slime Pits.
 15577 | Lair:5   | Entered Level 5 of the Lair of Beasts
 15895 | Lair:5   | Noticed Rupert
 15904 | Lair:5   | Killed Rupert
 17532 | Lair:5   | Reached skill level 10 in Evocations
 17804 | Orc:1    | Entered Level 1 of the Orcish Mines
 17863 | Orc:1    | Reached XP level 15. HP: 61/111 MP: 20/20
 18080 | Orc:1    | Found Moona's Distillery.
 18494 | Orc:2    | Entered Level 2 of the Orcish Mines
 18931 | Orc:2    | Noticed Sonja
 18946 | Orc:2    | Killed Sonja
 18994 | Orc:2    | Found a staircase to the Elven Halls.
 19341 | Orc:2    | Reached ****** piety under Hepliaklqana
 19779 | Orc:2    | Found Giepsuxo's Book Emporium.
 19779 | Orc:2    | Found Vigahy's Weapon Boutique.
 19779 | Orc:2    | Found Lapouc's Weapon Shop.
 19782 | Orc:2    | Found Tonut's Book Shoppe.
 19789 | Orc:2    | Bought a +3 bardiche of flaming for 464 gold pieces
 20059 | D:12     | Found a frozen archway.
 20103 | IceCv    | Entered an ice cave
 20597 | D:12     | Reached skill level 15 in Dodging
 21028 | D:12     | Found Pampaz's Antique Weapon Shop.
 21529 | D:13     | Noticed Lodul
 21544 | D:13     | Killed Lodul
 21805 | D:13     | Found a shimmering altar of Xom.
 22024 | D:14     | Reached skill level 15 in Fighting
 22137 | D:14     | Found a gate to the Vaults.
 22347 | D:14     | Noticed Jorgrun
 22363 | D:14     | Reached XP level 16. HP: 87/122 MP: 22/22
 22378 | D:14     | HP: 5/122 [Jorgrun/iron shot (28)]
 22380 | D:14     | Mangled by Jorgrun

Illustrated notes

Levels and vault maps discovered:
D:1:      amcnicky_arrival_double_pillar, layout_basic, st_stairs_11
D:2:      layout_loops_ring, serial_forest, infiniplex_forest_lined_3_way,
          infiniplex_forest_straight_4, infiniplex_forest_lined_room_2,
          infiniplex_forest_clump_medium, infiniplex_forest_lined_2,
          infiniplex_forest_lined_corner
D:3:      layout_loops_ring, serial_shops, shop_statue, uniq_grinder
D:4:      layout_basic, lightli_minifort
D:5:      layout_loops_ring, chequers_temple_overflow_statue_of_worship,
          st_stairs_9, uniq_eustachio
D:6:      layout_loops_ring, minmay_temple_entry_arrows, uniq_sigmund,
          uniq_maggie, uniq_duvessa
D:7:      layout_rooms, minitemple, uniq_crazy_yiuf_cottage
D:8:      layout_cave_pools, due_lair_maze_entry_diamond
D:9:      layout_irregular_city, david_orc_2, gammafunk_ghost_berserking_beasts,
          uniq_maurice, uniq_gastronok
D:10:     wad_crossroads, layout_long_grid, enter_bailey_4, st_stairs_14,
          nicolae_shop_fire_sale [nicolae_sub_dead_trees], uniq_erica,
          uniq_amaemon
D:11:     layout_loops_corners, eino_jars
D:12:     layout_loops_ring, serial_shops, nicolae_shop_stone,
          portal_ice_cave_entry_ice_simulacra
D:13:     layout_roguey, xom_teletrap_fun, uniq_lodul
D:14:     layout_long_grid, david_vaults_5, minmay_staircase_statues,
          minivault_8, uniq_jorgrun
Temple:   nicolae_temple_bog_church
Lair:1:   layout_roguey, grunt_forest_small_clearings, grunt_megastairs_2,
          serial_bayou_shore_a, infiniplex_staircase_pool_2
Lair:2:   layout_regular_city, shoals_dummy_entry, guppyfry_snake_entry_garden
Lair:3:   layout_cave_shapes, ebering_ghost_disaster_area,
          chequers_serial_rivers_room_b, lemuel_fruit_fields
Lair:4:   layout_hall_layers, slime_entry_1, gauntlet_entry_generic,
          lemuel_fruit_tree
Lair:5:   grunt_lair_end_beastmaster, layout_long_grid,
          grunt_forest_large_clearing_hut, uniq_rupert
Orc:1:    layout_caves, serial_shops, nicolae_shop_trees
Orc:2:    st_orc_rangers, layout_caves, statue_in_the_mist_lemuel, uniq_sonja

Skill      XL: |  1  2  3  4  5  6  7  8  9 10 11 12 13 14 15 |
---------------+----------------------------------------------+-----
Fighting       | 3 4 5 6 7 8 9 10 12 13 15 | 15.0
Polearms       | 5 6 7 8 10 11 14 | 14.9
Stealth        | 1 2 3 4 |  4.0
Dodging        | 5 6 7 8 9 11 12 14 15 | 15.0
Shields        | 4 5 6 |  6.0
Armour         | 2 4 6 7 8 |  8.0
Throwing       | 4 5 6 |  6.0
Evocations     | 1 4 5 8 10 12 | 12.0
Invocations    | 1 3 4 5 7 8 |  8.0

Action                   |  1- 3 |  4- 6 |  7- 9 | 10-12 | 13-15 | 16-18 || total
-------------------------+-------+-------+-------+-------+-------+-------++-------
Melee: Trident           |   122 |   177 |   461 |   995 |  1815 |    13 ||  3583
       Punch             |       |     3 |     3 |       |       |       ||     6
       Unarmed           |       |       |     2 |       |       |       ||     2
       Tailslap          |       |       |       |     2 |       |       ||     2
Throw: Javelin           |       |     3 |     1 |     1 |       |       ||     5
       Throwing net      |       |     2 |     3 |       |       |       ||     5
       Dart              |       |       |     6 |     5 |     2 |       ||    13
Invok: Ancestor Identity |       |       |       |     2 |       |       ||     2
       Recall Ancestor   |       |       |       |     2 |     6 |       ||     8
       Ancestor Life: He |       |       |       |     1 |       |       ||     1
       Idealise          |       |       |       |       |     3 |       ||     3
Evoke: Wand              |       |       |       |    13 |       |     4 ||    17
       Tin of tremorston |       |       |       |       |     5 |     1 ||     6
       Condenser vane    |       |       |       |       |     4 |       ||     4
       Phial of floods   |       |       |       |       |     1 |       ||     1
  Use: Scroll            |     3 |     6 |     4 |    13 |     9 |       ||    35
       Potion            |       |     1 |     1 |       |     2 |       ||     4
 Stab: Held in net/web   |       |     1 |       |       |       |       ||     1
       Confused          |       |       |       |    16 |    47 |       ||    63
       Distracted        |       |       |       |     7 |    24 |       ||    31
       Sleeping          |       |       |       |     2 |     5 |       ||     7
       Petrified         |       |       |       |     1 |    15 |       ||    16
       Paralysed         |       |       |       |       |    51 |       ||    51
Armor: Leather armour    |    12 |       |       |       |       |       ||    12
       Chain mail        |    33 |    51 |   131 |   142 |       |       ||   357
       Skin              |       |     6 |       |       |       |       ||     6
       Ring mail         |       |       |       |    61 |   321 |     2 ||   384
Dodge: Dodged            |    48 |    52 |   163 |   378 |   783 |     3 ||  1427
Block: Other             |       |     6 |    21 |       |       |       ||    27
       Buckler           |       |       |   140 |   334 |   571 |     4 ||  1049
       Reflection        |       |       |     1 |    15 |    52 |       ||    68

Table legend: (Time is in decaauts)
 A = Elapsed time spent in this place.
 B = Non-inter-level travel time spent in this place.
 C = Inter-level travel time spent in this place.
 D = Time resting spent in this place.
 E = Time spent auto-exploring this place.
 F = Levels seen in this place.
 G = Mean time per level.
                   A        B        C        D        E       F      G
               +--------+--------+--------+--------+--------+-----+--------+
         Total |  21339 |  19787 |   1552 |   1974 |  12439 |  25 |  853.6 |
       Dungeon |  12251 |  11297 |    954 |    663 |   7737 |  14 |  875.1 |
        Temple |    138 |    115 |     23 |      0 |    104 |   1 |  138.0 |
          Lair |   5812 |   5342 |    470 |    498 |   3519 |   5 | 1162.4 |
  Orcish Mines |   1940 |   1836 |    104 |    580 |    848 |   2 |  970.0 |
        Bailey |    289 |    289 |      0 |      0 |     91 |   1 |  289.0 |
      Ice Cave |    397 |    397 |      0 |    223 |     13 |   1 |  397.0 |
      Gauntlet |    510 |    510 |      0 |     10 |    125 |   1 |  510.0 |
               +--------+--------+--------+--------+--------+-----+--------+

Top non-repeatable levels by time:
  Lair:5: 1669 daAuts
  Lair:4: 1213 daAuts
  Lair:2: 1201 daAuts
     D:5: 1195 daAuts
  Lair:1: 1127 daAuts
   Orc:2: 1116 daAuts
     D:4: 1100 daAuts
    D:10: 1097 daAuts
    D:11: 1046 daAuts
     D:3: 998 daAuts
     D:9: 990 daAuts
     D:7: 889 daAuts
   Orc:1: 823 daAuts
     D:8: 800 daAuts
    D:12: 798 daAuts
